 Dungeon Crawl Stone Soup version 0.31-a0-1603-gbec6b6ccbf (webtiles) character file.

Game seed: 13799346115398677089

11410 grandjackal the Scholar (level 11, -1/92 HPs)
             Began as a Demonspawn Gladiator on Jan 8, 2024.
             Was an Elder of Sif Muna.
             Slain by an ice devil (17 damage)
             ... on level 11 of the Dungeon.
             The game lasted 00:13:10 (10633 turns).

grandjackal the Scholar (Demonspawn Gladiator)     Turns: 10633, Time: 00:13:10

Health: -1/92      AC: 16    Str: 11    XL:     11   Next: 48%
Magic:  19/19      EV: 12    Int: 19    God:    Sif Muna [****..]
Gold:   463        SH:  0    Dex: 17    Spells: 7/10 levels left

rFire   . . .        r - +10 dagger of Quenump {heavy, Will+++ rCorr Str-3 Stlth-}
rCold   . . .        (no shield)
rNeg    + . .        O - +6 scale mail of Bad Feelings {Dex+2}
rPois   .            c - +0 helmet
rElec   .            l - +0 cloak
rCorr   +            P - +1 pair of gloves {Stlth+}
SInv    .            (no boots)
Will    +++..        (no amulet)
Stlth   +            q - ring of positive energy
HPRegen 0.35/turn    B - +6 ring of intelligence
MPRegen 0.16/turn

%: no passive effects
@: no status effects
A: hooves 1, spiny 2, sturdy frame 2, demonic magic 2
a: Renounce Religion, Channel Magic, Forget Spell, Divine Exegesis


You were on level 11 of the Dungeon.
You worshipped Sif Muna.
Sif Muna was greatly pleased with you.
You visited 2 branches of the dungeon, and saw 12 of its levels.
You also visited: Sewer.

You collected 661 gold pieces.
You spent 198 gold pieces at shops.

Inventory:

Hand Weapons
 a - a +0 war axe
 r - the +10 dagger of Quenump (weapon) {heavy, Will+++ rCorr Str-3 Stlth-}
   (You found it on level 2 of the Dungeon)

   Str-3:     It affects your strength (-3).
   Will+++:   It greatly increases your willpower.
   rCorr:     It protects you from acid and corrosion.
   Stlth-:    It makes you less stealthy.
Missiles
 d - 2 throwing nets (quivered)
 e - 6 javelins
 k - 18 boomerangs
Armour
 c - a +0 helmet (worn)
 l - a +0 cloak (worn)
 J - a +0 buckler
 O - the +6 scale mail of Bad Feelings (worn) {Dex+2}
   (You found it on level 7 of the Dungeon)

   Dex+2:     It affects your dexterity (+2).
 P - a +1 pair of gloves of stealth (worn)
Jewellery
 h - a ring of flight
 q - a ring of positive energy (left hand)
 B - a +6 ring of intelligence (right hand)
Wands
 m - a wand of charming (44)
 y - a wand of roots (6)
 z - a wand of quicksilver (6)
 C - a wand of mindburst (4)
 Q - a wand of polymorph (5)
 R - a wand of flame (1)
Scrolls
 b - 4 scrolls of immolation {unknown}
 i - 9 scrolls of identify {unknown}
 o - a scroll of blinking {unknown}
 p - 4 scrolls of teleportation {unknown}
 t - 2 scrolls of poison {unknown}
 u - 5 scrolls of fog {unknown}
 v - 2 scrolls of brand weapon {unknown}
 F - a scroll of silence {unknown}
 H - 2 scrolls of enchant weapon {unknown}
 K - 2 scrolls of vulnerability {unknown}
 L - a scroll of noise {unknown}
 M - 2 scrolls of amnesia {unknown}
Potions
 f - 4 potions of brilliance {unknown}
 g - 2 potions of attraction {unknown}
 j - 2 potions of invisibility {unknown}
 n - 3 potions of resistance {unknown}
 s - a potion of berserk rage {unknown}
 w - 2 potions of heal wounds {unknown}
 x - 4 potions of curing {unknown}
 A - a potion of haste {unknown}
 D - a potion of magic {unknown}
 E - a potion of cancellation {unknown}
 G - a potion of lignification {unknown}
 I - a potion of ambrosia {unknown}
 N - a potion of mutation {unknown}


   Skills:
 + Level 10.3 Fighting
 + Level 8.9 Short Blades
 - Level 3.4 Axes
 - Level 2.0 Throwing
 - Level 3.0 Dodging
 + Level 7.1 Hexes
 + Level 11.8 Invocations


You had 7 spell levels left.
You knew the following spells:

 Your Spells              Type           Power      Damage    Failure   Level
a - Tukima's Dance        Hex            27%        N/A       6%          3

Your spell library contained the following spells:

 Spells                   Type           Power      Damage    Failure   Level
 Inner Flame              Hex/Fire       13%        N/A       28%         3
 Blink                    Tloc           0%         N/A       52%         2
 Cigotuvi's Dreadful Rot  Necr/Alch/Air  0%         N/A       52%         2
 Lesser Beckoning         Tloc           0%         N/A       52%         2
 Momentum Strike          Conj/Tloc      0%         3d8       52%         2
 Dimensional Bullseye     Hex/Tloc       6%         N/A       67%         4
 Dispel Undead            Necr           0%         3d6       98%         4
 Iskenderun's Mystic Bla  Conj/Tloc      0%         2d3       98%         4
 Martyr's Knell           Necr/Summ      0%         N/A       98%         4
 Irradiate                Conj/Alch      0%         3d11      100%        5
 Death Channel            Necr           0%         N/A       100%        6
 Ignition                 Fire           0%         3d3       100%        8


Dungeon Overview and Level Annotations

Branches:
Dungeon (11/15)            Temple (1/1) D:4           Sewer (visited)
   Lair: D:8-11         Orc: D:9-12

Altars:
Ashenzari
Cheibriados
Dithmenos
Fedhas
Gozag
Hepliaklqana
Kikubaaqudgha
Makhleb
Nemelex Xobeh
Okawaru
Qazlal
Ru
Sif Muna
Trog
Uskayaw
Vehumet
Wu Jian
Xom
Yredelemnul

Shops:
D:8 [

Annotations:
D:6 3 runed translucent doors, Azoth's ghost, novice DsGl


Innate Abilities, Weirdness & Mutations

You have large cloven feet.
You are mostly covered in sharp spines.
Your movements are less encumbered by armour. (ER -4)
Spells you cast may paralyse nearby enemies.


Message History

You feel sick.
You are no longer poisoned.
e - 6 javelins (gained 5)
Things that are here:
a +1 demon trident; a +0 chain mail; the orc corpse of Urug
Things that are here:
a +0 dagger; a kobold corpse
There is a stone staircase leading up here.
You climb upwards.
There is a stone staircase leading down, spattered with blood here.
You start resting.
HP restored.
Done exploring.
Done exploring.
Done exploring.
You climb downwards.
There is a stone staircase leading up here.
An ice devil comes into view.
An ice devil is nearby!
An ice devil is nearby!
A two-headed ogre comes into view. It is wielding two +0 giant clubs.
The two-headed ogre shouts in stereo!
You hear a shout! x2
You barely miss the ice devil.
You kick the ice devil, but do no damage.
The ice devil hits you. The ice devil freezes you!
You hit the ice devil.
The ice devil is lightly wounded.
The ice devil closely misses you.
The ice devil attacks as it pursues you!
The ice devil hits you. The ice devil freezes you!!
The ice devil attacks as it pursues you!
The ice devil hits you but does no damage.
The ice devil attacks as it pursues you!
The ice devil hits you! The ice devil freezes you!!
* * * LOW HITPOINT WARNING * * *
The ice devil attacks as it pursues you!
The ice devil hits you.
* * * LOW HITPOINT WARNING * * *
The ice devil freezes you!
You die...

... #.####### ###.##....#
#.........# #.........#######
#.........##....#
#...............#
#...............#
#))......@4.....# .#
#)####....##....+ ..#
#)#####.####.O..# ...#
........'...⌠.⌠.......##...##..
........#......................
........#...♣..♣..............
........#......♣.........[... 3
..###...##......####'###...##
4. .
##############....##...###3.


You could see an ice devil.

Vanquished Creatures
  Sonja (D:10)
  A soul eater (D:10)
  Urug (D:11)
  Maggie (D:9)
  2 kobold demonologists (D:10)
  An ice devil (D:10)
  A troll (D:9)
  Grinder (D:6)
  A hornet (D:9)
  19 yaks
  2 wyverns
  A ynoxinul (D:11)
  A wraith (D:9)
  A steam dragon (D:6)
  Grum (D:8)
  A chaos spawn (D:10)
  2 acid dragons
  3 water moccasins
  5 black bears
  2 orc warriors
  3 ice beasts (D:7)
  2 ogres
  4 wolves (D:8)
  A centaur (D:6)
  4 kobold brigands
  2 brain worms (Sewer)
  2 bullfrogs
  3 scorpions
  7 wights
  8 killer bees
  2 howler monkeys
  4 bombardier beetles
  3 orc priests
  A hound (D:5)
  A jelly (D:4)
  3 sleepcaps
  Ijyb (D:4)
  3 iguanas
  7 orc wizards
  Robin (D:3)
  4 gnolls (D:8)
  8 adders
  3 river rats
  4 ufetubi
  3 dart slugs
  4 ribbon worms
  35 orcs
  5 bats
  8 endoplasms
  6 giant cockroaches
  15 goblins
  7 hobgoblins
  4 jackals (D:4)
  10 kobolds
  3 quokkas
  13 ball pythons
  8 frilled lizards
  16 rats
266 creatures vanquished.

Vanquished Creatures (others)
  A gnoll sergeant (D:5)
  A hound (D:5)
  A gnoll bouda (D:5)
  An orc wizard (D:5)
4 creatures vanquished.

Grand Total: 270 creatures vanquished

Notes
Turn   | Place    | Note
-------+----------+-------------------------------------------
     0 | D:1      | grandjackal the Demonspawn Gladiator began the quest for
                  | the Orb.
     0 | D:1      | Reached XP level 1. HP: 16/16 MP: 1/1
   171 | D:1      | Gained mutation: Spells you cast may paralyse adjacent
                  | enemies. [demonic ancestry]
   171 | D:1      | Reached XP level 2. HP: 11/22 MP: 2/2
   740 | D:1      | Gained mutation: You have large cloven feet. [demonic
                  | ancestry]
   740 | D:1      | Reached XP level 3. HP: 28/28 MP: 3/3
   780 | D:1      | Found a faded altar of an unknown god.
  1836 | D:2      | Identified the +10 dagger of Quenump {heavy, Will+++ rCorr
                  | Str-3 Stlth-}
  1916 | D:2      | Reached XP level 4. HP: 20/35 MP: 4/4
  2083 | D:3      | Noticed Robin
  2101 | D:3      | Killed Robin
  2259 | D:3      | Reached skill level 1 in Short Blades
  2364 | D:3      | Gained mutation: You are partially covered in sharp spines.
                  | [demonic ancestry]
  2364 | D:3      | Reached XP level 5. HP: 42/42 MP: 5/5
  2466 | D:3      | Noticed a black bear
  2472 | D:3      | Killed a black bear
  2473 | D:3      | Reached XP level 6. HP: 46/49 MP: 6/6
  2789 | D:4      | Found a staircase to the Ecumenical Temple.
  2814 | Temple   | Entered the Ecumenical Temple
  2826 | Temple   | Became a worshipper of Sif Muna the Loreminder
  2883 | D:4      | Reached skill level 1 in Invocations
  2929 | D:4      | Found a shadowy altar of Dithmenos.
  3144 | D:4      | Found a glowing drain.
  3152 | D:4      | Reached skill level 5 in Fighting
  3160 | Sewer    | Entered a sewer
  3198 | Sewer    | Reached * piety under Sif Muna
  3222 | Sewer    | Reached skill level 2 in Invocations
  3322 | Sewer    | Gained mutation: Your movements are slightly less
                  | encumbered by armour. (ER -2) [demonic ancestry]
  3322 | Sewer    | Reached XP level 7. HP: 56/56 MP: 8/8
  3429 | Sewer    | Reached skill level 3 in Invocations
  3992 | D:4      | Noticed Ijyb
  4002 | D:4      | Killed Ijyb
  4147 | D:4      | Reached skill level 4 in Invocations
  4357 | D:5      | Entered Level 5 of the Dungeon
  4357 | D:5      | Noticed a wyvern
  4357 | D:5      | Found a shimmering altar of Xom.
  4371 | D:4      | Killed a wyvern
  4477 | D:4      | Gained mutation: Spells you cast may paralyse nearby
                  | enemies. [demonic ancestry]
  4477 | D:4      | Reached XP level 8. HP: 57/64 MP: 11/11
  4503 | D:5      | Reached skill level 5 in Invocations
  4723 | D:5      | Reached skill level 5 in Short Blades
  4765 | D:5      | Reached skill level 6 in Invocations
  4965 | D:5      | Reached ** piety under Sif Muna
  5166 | D:6      | Noticed Grinder
  5305 | D:6      | Killed Grinder
  5306 | D:6      | Reached skill level 7 in Invocations
  5310 | D:6      | Learned a level 3 spell: Tukima's Dance
  5345 | D:6      | Noticed Azoth's ghost (novice DsGl)
  5362 | D:6      | Gained mutation: Your movements are less encumbered by
                  | armour. (ER -4) [demonic ancestry]
  5362 | D:6      | Reached XP level 9. HP: 54/72 MP: 14/14
  5363 | D:6      | Reached skill level 1 in Hexes
  5421 | D:6      | Found a runed translucent gate.
  5421 | D:6      | Found a runed translucent gate.
  5425 | D:6      | Found a runed translucent gate.
  5449 | D:6      | Found a blossoming altar of Fedhas.
  5625 | D:6      | Found an opulent altar of Gozag.
  6076 | D:7      | Reached skill level 8 in Invocations
  6644 | D:7      | Identified the +6 scale mail of Bad Feelings {Dex+2}
  6963 | D:7      | Reached skill level 9 in Invocations
  7180 | D:8      | Reached XP level 10. HP: 70/82 MP: 16/16
  7266 | D:8      | Noticed Grum
  7282 | D:8      | Killed Grum
  7359 | D:8      | Found Raplaow's Armour Emporium.
  7363 | D:8      | Bought a +1 pair of gloves of stealth for 198 gold pieces
  7464 | D:8      | Identified the +1 robe "Okkocloa" {rF+}
  7502 | D:8      | Reached *** piety under Sif Muna
  7547 | D:8      | Found a radiant altar of Vehumet.
  7700 | D:8      | Reached skill level 5 in Hexes
  8047 | D:9      | Paralysed by a hornet for 1 turns
  8049 | D:9      | Noticed Maggie
  8051 | D:9      | Paralysed by a hornet for 1 turns
  8054 | D:9      | Reached skill level 10 in Invocations
  8370 | D:9      | Found an ancient bone altar of Kikubaaqudgha.
  8379 | D:9      | Found a sacrificial altar of Ru.
  8423 | D:9      | Killed Maggie
  8669 | D:9      | Found a burning altar of Makhleb.
  9031 | D:9      | Found a broken altar of Ashenzari.
  9059 | D:10     | Entered Level 10 of the Dungeon
  9084 | D:10     | Found a stormy altar of Qazlal.
  9462 | D:10     | Noticed an orange demon
  9466 | D:10     | Gained mutation: You are mostly covered in sharp spines.
                  | [demonic ancestry]
  9466 | D:10     | Reached XP level 11. HP: 89/90 MP: 19/19
  9478 | D:10     | Reached skill level 11 in Invocations
  9500 | D:10     | Noticed Sonja
  9504 | D:10     | Killed Sonja
  9871 | D:10     | Reached skill level 10 in Fighting
 10323 | D:11     | Noticed a soul eater
 10359 | D:10     | Killed a soul eater
 10447 | D:11     | Noticed Urug
 10466 | D:11     | Killed Urug
 10466 | D:11     | Reached **** piety under Sif Muna
 10624 | D:11     | Noticed a two-headed ogre
 10633 | D:11     | Slain by an ice devil

Illustrated notes

Levels and vault maps discovered:
D:1:      mrwooster_arrival_arrow, layout_basic,
          hellmonk_ecumenical_altar_pennies_from_heaven
D:2:      layout_basic
D:3:      layout_basic, st_stairs_12, uniq_robin
D:4:      layout_basic, mainiacjoe_overflow_surrounded_room, tso_altar,
          minmay_temple_entry_waves, portal_sewer_entry_a, uniq_ijyb
D:5:      layout_rooms, xom_confusion_cloud
D:6:      layout_rooms, nicolae_gozag_cash_rules_everything_around_me,
          mainiacjoe_overflow_concentric_impassable, gammafunk_ghost_split,
          kennysheep_generic_room_14, uniq_grinder
D:7:      layout_basic
D:8:      layout_loops_ring, overflow_temple_1_default, serial_shops,
          nicolae_shop_stone, uniq_grum
D:9:      layout_basic, nicolae_overflow_crystal_walls,
          nicolae_ashenzari_skybound, mainiacjoe_overflow_swirl,
          grunt_decor_resistance, uniq_maggie
D:10:     layout_roguey, overflow_temple_1_default, uniq_sonja
D:11:     layout_gridville, lair_entry_dummy, serial_demonic, serial_demonic_g,
          serial_demonic_g, serial_demonic_c, serial_demonic_g,
          serial_demonic_e, serial_demonic_d, serial_demonic_e, uniq_urug
Temple:   hellmonk_temple_of_storms

Skill      XL: |  1  2  3  4  5  6  7  8  9 10 11 |
---------------+----------------------------------+-----
Throwing       | 2 |  2.0
Axes           | 3 |  3.4
Dodging        | 3 |  3.0
Fighting       | 3 4 5 6 7 8 9 10 | 10.3
Short Blades   | 1 2 3 4 5 7 8 |  8.9
Invocations    | 2 4 7 9 10 11 | 11.8
Hexes          | 4 6 7 |  7.1

Action                     |  1- 3 |  4- 6 |  7- 9 | 10-12 || total
---------------------------+-------+-------+-------+-------++-------
  Melee: War axe           |   106 |       |       |       ||   106
         Punch             |     2 |     3 |     3 |     5 ||    13
         Kick              |    13 |    20 |    50 |    96 ||   179
         Dagger            |     4 |   110 |   185 |   272 ||   571
  Throw: Throwing net      |       |       |     1 |     1 ||     2
         Boomerang         |       |       |     9 |     1 ||    10
  Evoke: Wand              |       |       |       |     4 ||     4
 Armour: Leather armour    |    51 |       |       |       ||    51
         Ring mail         |    11 |    79 |   131 |       ||   221
         Scale mail        |       |       |    24 |   161 ||   185
  Dodge: Dodged            |    57 |    62 |   117 |   113 ||   349

Table legend: (Time is in decaauts)
 A = Elapsed time spent in this place.
 B = Non-inter-level travel time spent in this place.
 C = Inter-level travel time spent in this place.
 D = Time resting spent in this place.
 E = Time spent auto-exploring this place.
 F = Levels seen in this place.
 G = Mean time per level.
                   A        B        C        D        E       F      G
               +--------+--------+--------+--------+--------+-----+--------+
         Total |  10738 |  10278 |    460 |   2425 |   5936 |  13 |  826.0 |
       Dungeon |  10418 |   9958 |    460 |   2425 |   5722 |  11 |  947.1 |
        Temple |     23 |     23 |      0 |      0 |      0 |   1 |   23.0 |
         Sewer |    296 |    296 |      0 |      0 |    214 |   1 |  296.0 |
               +--------+--------+--------+--------+--------+-----+--------+

Top non-repeatable levels by time:
     D:4: 1488 daAuts
    D:10: 1462 daAuts
     D:1: 1290 daAuts
     D:7: 1167 daAuts
     D:8: 1132 daAuts
     D:2: 894 daAuts
     D:9: 852 daAuts
     D:6: 703 daAuts
     D:5: 668 daAuts
     D:3: 642 daAuts
   Sewer: 296 daAuts
    D:11: 115 daAuts
  Temple: 23 daAuts
